 Dungeon Crawl Stone Soup version 0.31-a0-1074-g0b22e4e0f1 (webtiles) character file.

Game seed: 1068838985731451264

1051 ytrimaz the Blocker (level 8, 0/58 HPs)
             Began as a Formicid Fighter on Dec 8, 2023.
             Was a Follower of Okawaru.
             Killed from afar by Maggie (11 damage)
             ... with a bolt of fire
             ... on level 6 of the Dungeon.
             The game lasted 00:03:31 (3827 turns).

ytrimaz the Blocker (Formicid Fighter)              Turns: 3827, Time: 00:03:31

Health: 0/58       AC: 10    Str: 20    XL:     8   Next: 50%
Magic:  8/8        EV:  9    Int:  9    God:    Okawaru [*.....]
Gold:   319        SH:  7    Dex: 15    Spells: 7/7 levels left

rFire   + . .        v - +0 hand axe (venom)
rCold   . . .        c - +1 buckler
rNeg    . . .        b - +0 scale mail
rPois   .            (helmet unavailable)
rElec   .            (no cloak)
rCorr   .            (no gloves)
SInv    +            (no boots)
Will    .....        k - amulet of magic regeneration Stlth
                     s - ring of protection from fire
HPRegen 0.29/turn    r - +4 ring of protection
MPRegen 0.51/turn

%: no passive effects
@: mesmerised
A: permanent stasis, dig shafts and tunnels, antennae 3, four strong arms
a: Dig, Shaft Self, Renounce Religion, Heroism


You were on level 6 of the Dungeon.
You worshipped Okawaru.
Okawaru was aware of your devotion.
You visited 2 branches of the dungeon, and saw 7 of its levels.

You collected 319 gold pieces.


Innate Abilities, Weirdness & Mutations

You cannot be hasted, slowed, berserked, paralysed or teleported.
You can dig through walls and to a lower floor.
You have a pair of large antennae on your head. (SInv)
Your four strong arms can wield two-handed weapons with a shield.


   Skills:
 - Level 3.2 Fighting
 + Level 6.9 Axes
 - Level 3.2 Armour
 + Level 9.6 Shields


You had 7 spell levels left.
You didn't know any spells.
Your spell library contained the following spells:

 Spells                   Type           Power      Damage    Failure   Level
 Freeze                   Ice            0%         1d3       80%         1
 Ensorcelled Hibernation  Hex/Ice        0%         N/A       90%         2
 Passwall                 Tmut/Erth      0%         N/A       90%         2
 Frozen Ramparts          Ice            0%         1d1       99%         3
 Hailstorm                Conj/Ice       0%         3d3       99%         3
 Inner Flame              Hex/Fire       0%         N/A       99%         3
 Yara's Violent Unravell  Hex/Tmut       0%         3d3       100%        5
 Enfeeble                 Hex            0%         N/A       100%        7
 Summon Small Mammal      Summ           Unusable   N/A       N/A         1
 Call Canine Familiar     Summ           Unusable   N/A       N/A         3
 Summon Guardian Golem    Hex/Summ       Unusable   N/A       N/A         3
 Swiftness                Air            Unusable   N/A       N/A         3
 Summon Ice Beast         Ice/Summ       Unusable   N/A       N/A         4
 Simulacrum               Ice/Necr       Unusable   N/A       N/A         6

Inventory:

Hand Weapons
 a - a +0 war axe
 v - a +0 hand axe of venom (weapon)
   (You took it off an orc on level 5 of the Dungeon)
Armour
 b - a +0 scale mail (worn)
 c - a +1 buckler (worn)
Jewellery
 k - an amulet of magic regeneration (around neck)
   (You found it on level 2 of the Dungeon)
 q - a ring of magical power
   (You found it on level 4 of the Dungeon)
 r - a +4 ring of protection (right hand)
   (You found it on level 5 of the Dungeon)
 s - a ring of protection from fire (left hand)
   (You found it on level 5 of the Dungeon)
Scrolls
 f - 3 scrolls of teleportation {unknown}
 h - a scroll of acquirement {unknown}
 i - 3 scrolls of vulnerability {unknown}
 j - a scroll of enchant armour
 l - a scroll of poison {unknown}
 n - 2 scrolls of fog
 o - 3 scrolls of silence
 p - a scroll of summoning {unknown}
Potions
 d - 2 potions of might
 e - 2 potions of heal wounds {unknown}
 g - a potion of curing
 m - a potion of lignification {unknown}
 t - a potion of invisibility {unknown}
 u - a potion of enlightenment {unknown}

Dungeon Overview and Level Annotations

Branches:
Dungeon (6/15) Zot: 26905  Temple (1/1) D:4 Zot: 5980

Altars:
Ashenzari
Dithmenos
Elyvilon
Gozag
Hepliaklqana
Kikubaaqudgha
Nemelex Xobeh
Okawaru
Qazlal
Trog
Uskayaw
Wu Jian
Yredelemnul
Zin
The Shining One

Annotations:
D:6 Maggie

######.# .####......#
...........# {
.......#####
.....#..†..#
.......###.##########
..##....##..........#
.........)<.#..#....#
#..........###S.@@..#
...........[........#
#..........##.......#
...........##..#..(..#
###....######..#>......
...##.. #..#....##..
### #. ...#....# .
#....#####


You could see Maggie (mesmerising, extremely poisoned) and an adder.


Message History

You hit the scorpion. The scorpion misses you.
You hit the scorpion.
The scorpion is poisoned.
You block the scorpion's attack.
You hit the scorpion but do no damage.
The scorpion looks as sick as possible!
You kill the scorpion!
Okawaru accepts your kill.
Unknown command.
No target in view!
You see here a scorpion corpse.
No target in view!
Found a stone staircase leading down.
Found a stone staircase leading down.
Maggie the Vainglorious comes into view.
She is wielding a +0 morningstar.
Maggie shouts!
Maggie gestures at you while chanting. The bolt of fire hits you!
You resist. 😕 HP[-10]
You take 10 damage, and now have 48/58 hp. 😕 HP[+1] Maggie barely misses you.
Unknown command.
You hit Maggie.
Maggie is poisoned.
Maggie casts a spell at you. The bolt of fire hits you! You resist. 😮 HP[-13]
You take 13 damage, and now have 36/58 hp.
MASSIVE DAMAGE!! (PAUSE)
You hit Maggie. Maggie gestures at you while chanting.
The bolt of fire hits you! You resist.
* * * LOW HITPOINT WARNING * * *
😨 HP[-13]
You take 13 damage, and now have 23/58 hp.
MASSIVE DAMAGE!! (PAUSE)
You barely miss Maggie.
Maggie points at you and mumbles some strange words.
The bolt of fire misses you.
Unknown command.
You closely miss Maggie. Maggie hits you but does no damage.
Unknown command.
You hit Maggie. Maggie hits you with a +0 morningstar.
* * * LOW HITPOINT WARNING * * *
You hit Maggie but do no damage.
Maggie looks even sicker.
Maggie smiles, but it's obviously fake.
Maggie gestures wildly while chanting.
Maggie attempts to bespell you!
You easily resist.
Unknown command.
You completely miss Maggie.
Maggie gestures wildly while chanting.
Maggie attempts to bespell you!
You are mesmerised by Maggie!
You hit Maggie.
Maggie looks as sick as possible!
You block Maggie's attack.
Unknown command.
You hit Maggie but do no damage.
Maggie mumbles some strange words.
Maggie draws you further into her thrall. 😨 HP[+1]
You hit Maggie but do no damage.
Maggie looks as sick as possible!
You block Maggie's attack.
Unknown command.
You hit Maggie.
Maggie looks as sick as possible!
Maggie closely misses you.
You barely miss Maggie. Maggie hits you with a +0 morningstar!
* * * LOW HITPOINT WARNING * * *
😨 HP[-9]
You take 9 damage, and now have 15/58 hp.
Unknown command.
You hit Maggie.
Maggie looks as sick as possible!
Maggie hits you with a +0 morningstar.
* * * LOW HITPOINT WARNING * * *
😱 HP[-1]
You take 1 damage, and now have 14/58 hp.
You closely miss Maggie. Maggie gestures at you while chanting.
The bolt of fire hits you! You resist.
* * * LOW HITPOINT WARNING * * *
You hear an angry hiss.
Unknown command. 😱 HP[-10]
You take 10 damage, and now have 4/58 hp.
Unknown command.
You barely miss Maggie.
An adder comes into view.
Maggie hits you but does no damage.
You hit Maggie but do no damage.
Maggie looks as sick as possible!
Maggie points at you and mumbles some strange words.
The bolt of fire hits you but does no damage. 😱 HP[+1] Unknown command.
You feel better.
Maggie says, "Fear not.
I will immortalize you in the tale of my first kill."
Maggie mumbles some strange words.
Maggie draws you further into her thrall. 😱 HP[+5]
You regained 5 hp, and now have 10/58 hp.
You closely miss Maggie. Maggie barely misses you.
Unknown command.
You closely miss Maggie.
Maggie points at you and mumbles some strange words.
The bolt of fire hits you! You resist.
You die...

Skill      XL: |  1  2  3  4  5  6  7  8 |
---------------+-------------------------+-----
Shields        | 5 6 7 8 9 |  9.6
Axes           | 3 4 5 6 |  6.9
Fighting       | |  3.2
Armour         | |  3.2

Action                     |  1- 3 |  4- 6 |  7- 9 || total
---------------------------+-------+-------+-------++-------
  Melee: War axe           |    55 |    80 |    62 ||   197
         Hand axe          |       |       |    60 ||    60
    Use: Scroll            |       |     4 |       ||     4
         Potion            |       |       |     4 ||     4
 Armour: Scale mail        |    50 |    68 |    83 ||   201
  Dodge: Dodged            |    25 |    43 |    47 ||   115
  Block: Buckler           |    22 |    30 |    36 ||    88

Levels and vault maps discovered:
D:1:      amcnicky_arrival_wind_blow, layout_loops_ring, serial_forest,
          infiniplex_forest_clump_tiny, infiniplex_forest_end_3,
          infiniplex_forest_lined_corner, infiniplex_forest_clump_double,
          infiniplex_forest_clump_cross, infiniplex_forest_straight_4,
          infiniplex_forest_clump_C
D:2:      layout_rooms, chequers_ecumenical_altar_simple
D:3:      layout_basic
D:4:      layout_basic, chequers_temple_overflow_statue_of_worship,
          minmay_temple_entry_drinking_statues, serial_glass, glass_columns_a,
          glass_columns_b, guppyfry_early_orc_mine
D:5:      layout_loops_cross, mainiacjoe_overflow_surrounded_room,
          general_overflow_altar, kennysheep_generic_room_7
D:6:      layout_rooms, tgw_fedhas, uniq_maggie
Temple:   chequers_temple_sunken

Notes
Turn   | Place    | Note
-------+----------+-------------------------------------------
     0 | D:1      | ytrimaz the Formicid Fighter began the quest for the Orb.
     0 | D:1      | Reached XP level 1. HP: 18/18 MP: 1/1
     0 | D:1      | magus.rc [v1.9.6]
   165 | D:1      | Reached XP level 2. HP: 24/24 MP: 2/2
   247 | D:1      | You pick up a book of Misfortune and begin reading...
   247 | D:1      | You add the spells Inner Flame, Yara's Violent Unravelling
                  | and Enfeeble to your library.
   705 | D:2      | Reached XP level 3. HP: 27/29 MP: 3/3
   738 | D:2      | Reached skill level 5 in Shields
   752 | D:2      | Reached skill level 3 in Axes
   785 | D:2      | Found a faded altar of an unknown god.
   793 | D:2      | Reached XP level 4. HP: 35/35 MP: 4/4
   884 | D:2      | You pick up a book of the Tundra and begin reading...
   884 | D:2      | You add the spells Hailstorm, Summon Ice Beast and
                  | Simulacrum to your library.
  1153 | D:3      | You pick up a book of Callings and begin reading...
  1153 | D:3      | You add the spells Summon Small Mammal, Call Canine
                  | Familiar and Summon Guardian Golem to your library.
  1559 | D:3      | Noticed a scorpion
  1568 | D:3      | Killed a scorpion
  1569 | D:3      | Reached skill level 4 in Axes
  1569 | D:3      | Reached skill level 6 in Shields
  1569 | D:3      | Reached XP level 5. HP: 36/41 MP: 5/5
  1921 | D:4      | Noticed a black bear
  1929 | D:4      | Killed a black bear
  1930 | D:4      | Reached XP level 6. HP: 40/47 MP: 6/6
  1995 | D:4      | Reached skill level 7 in Shields
  2010 | D:4      | Reached skill level 5 in Axes
  2019 | D:4      | Reached XP level 7. HP: 44/52 MP: 7/7
  2069 | D:4      | You pick up a book of Frost and begin reading...
  2069 | D:4      | You add the spells Freeze and Frozen Ramparts to your
                  | library.
  2081 | D:4      | Found a staircase to the Ecumenical Temple.
  2091 | Temple   | Entered the Ecumenical Temple
  2129 | D:4      | Found a basalt altar of Yredelemnul.
  2129 | D:4      | Found a broken altar of Ashenzari.
  2129 | D:4      | Found an iron altar of Okawaru.
  2129 | D:4      | Found an opulent altar of Gozag.
  2166 | D:4      | Became a worshipper of Warmaster Okawaru
  2603 | D:5      | Entered Level 5 of the Dungeon
  2612 | D:5      | Reached skill level 8 in Shields
  2667 | D:5      | Found a bloodstained altar of Trog.
  2682 | D:5      | Noticed a water moccasin
  2689 | D:5      | HP: 13/52 [water moccasin (2)]
  2693 | D:5      | Killed a water moccasin
  2843 | D:5      | Reached skill level 6 in Axes
  2923 | D:5      | You pick up a book of Burglary and begin reading...
  2923 | D:5      | You add the spells Passwall and Ensorcelled Hibernation to
                  | your library.
  2951 | D:5      | Reached * piety under Okawaru
  2952 | D:5      | Reached XP level 8. HP: 58/58 MP: 8/8
  3082 | D:5      | HP: 14/58 [poisoned by a scorpion]
  3324 | D:5      | Found a stormy altar of Qazlal.
  3392 | D:5      | Reached skill level 9 in Shields
  3804 | D:6      | Noticed Maggie
  3821 | D:6      | HP: 14/58 [Maggie/+0 morningstar (1)]
  3822 | D:6      | HP: 4/58 [Maggie/bolt of fire (10)]
  3827 | D:6      | Killed from afar by Maggie

Vanquished Creatures
  A water moccasin (D:5)
  A black bear (D:4)
  A phantom (D:5)
  4 scorpions
  A howler monkey (D:6)
  5 orc priests
  3 iguanas (D:5)
  2 sleepcaps (D:4)
  4 orc wizards
  6 adders
  A white imp (D:6)
  A worm (D:2)
  A dart slug (D:1)
  20 orcs
  3 endoplasms
  2 giant cockroaches
  4 goblins
  4 hobgoblins
  3 jackals (D:2)
  2 quokkas
  5 ball pythons
  2 bats (D:1)
  3 frilled lizards
  4 kobolds
  2 rats
85 creatures vanquished.

Table legend:
 A = Non-vault XP
 B = Vault XP
 C = Vault XP percentage of total XP
 D = Non-vault monster count
 E = Vault monster count
 F = Vault count percentage of total count
                 A         B        C        D         E       F
            +---------+---------+-------+---------+---------+-------
      Total |    1292 |     210 |  14.0 |      77 |       8 |   9.4
            +---------+---------+-------+---------+---------+-------
        D:1 |      23 |       0 |   0.0 |      13 |       0 |   0.0
        D:2 |      51 |       0 |   0.0 |      15 |       0 |   0.0
        D:3 |     144 |       0 |   0.0 |      14 |       0 |   0.0
        D:4 |     335 |     123 |  26.9 |      16 |       7 |  30.4
        D:5 |     582 |      87 |  13.0 |      14 |       1 |   6.7
        D:6 |     157 |       0 |   0.0 |       5 |       0 |   0.0
            +---------+---------+-------+---------+---------+-------

Skill      XL: |  1  2  3  4  5  6  7  8 |
---------------+-------------------------+-----
Shields        | 5 6 7 8 9 |  9.6
Axes           | 3 4 5 6 |  6.9
Fighting       | |  3.2
Armour         | |  3.2

Action                     |  1- 3 |  4- 6 |  7- 9 || total
---------------------------+-------+-------+-------++-------
  Melee: War axe           |    55 |    80 |    62 ||   197
         Hand axe          |       |       |    60 ||    60
    Use: Scroll            |       |     4 |       ||     4
         Potion            |       |       |     4 ||     4
 Armour: Scale mail        |    50 |    68 |    83 ||   201
  Dodge: Dodged            |    25 |    43 |    47 ||   115
  Block: Buckler           |    22 |    30 |    36 ||    88

Illustrated notes

Table legend:
 A = Kills in this place as a percentage of kills in the entire game.
 B = Kills by you in this place as a percentage of kills by you in the entire game.
 C = Kills by friends in this place as a percentage of kills by friends in the entire game.
 D = Other kills in this place as a percentage of other kills in the entire game.
 E = Experience gained in this place as a percentage of experience gained in the entire game.
 F = Experience gained in this place divided by the number of levels of this place that you have seen.
                   A       B       C       D       E      F
               +-------+-------+-------+-------+-------+----------------------
         Total | 100.0 | 100.0 |   N/A |   N/A | 100.0 | 214.6
       Dungeon | 100.0 | 100.0 |   N/A |   N/A | 100.0 | 250.3
               +-------+-------+-------+-------+-------+----------------------

Table legend: (Time is in decaauts)
 A = Elapsed time spent in this place.
 B = Non-inter-level travel time spent in this place.
 C = Inter-level travel time spent in this place.
 D = Time resting spent in this place.
 E = Time spent auto-exploring this place.
 F = Levels seen in this place.
 G = Mean time per level.
                   A        B        C        D        E       F      G
               +--------+--------+--------+--------+--------+-----+--------+
         Total |   3888 |   3811 |     77 |      0 |   3111 |   7 |  555.4 |
       Dungeon |   3868 |   3799 |     69 |      0 |   3111 |   6 |  644.7 |
        Temple |     19 |     11 |      8 |      0 |      0 |   1 |   19.0 |
               +--------+--------+--------+--------+--------+-----+--------+

Top non-repeatable levels by time:
     D:5: 1138 daAuts
     D:3: 821 daAuts
     D:4: 760 daAuts
     D:1: 666 daAuts
     D:2: 387 daAuts
     D:6: 94 daAuts
  Temple: 19 daAuts
